 Dungeon Crawl Stone Soup version 0.32-a0-290-g598725c5f2 (webtiles) character file.

Game seed: 4795038997522700957

7 Bravepunisher the Ducker (level 1, 0/11 HPs)
             Began as a Spriggan Monk on Feb 13, 2024.
             Killed from afar by an orc wizard (5 damage)
             ... with a magic dart
             ... on level 6 of the Dungeon.
             The game lasted 00:01:11 (316 turns).

Bravepunisher the Ducker (Spriggan Monk)             Turns: 316, Time: 00:01:12

Health: 0/11       AC:  2    Str:  7    XL:     1   Next: 91%
Magic:  2/2        EV: 19    Int: 11    God:
Gold:   24         SH:  0    Dex: 17    Spells: 0/0 levels left

rFire   . . .        a - +0 short sword
rCold   . . .        (no shield)
rNeg    . . .        b - +0 robe
rPois   .            (helmet restricted)
rElec   .            (no cloak)
rCorr   .            (gloves unavailable)
SInv    +            (boots unavailable)
Will    .....        (no amulet)
Stlth   ++           (no ring)
HPRegen 0.21/turn    (no ring)
MPRegen 0.08/turn

%: no passive effects
@: very quick
A: very small, no large weapons, unfitting armour, see invisible, speed 3
a: no special abilities


You were on level 6 of the Dungeon.
You visited 1 branch of the dungeon, and saw 6 of its levels.

You collected 24 gold pieces.

Inventory:

Hand Weapons
 a - a +0 short sword (weapon)
Armour
 b - a +0 robe (worn)
Scrolls
 f - a scroll of identify {unknown}
Potions
 c - a potion of ambrosia
 d - a potion of brilliance {unknown}
 e - a potion of degeneration {unknown}
 g - 2 potions of curing {unknown}


   Skills:
 + Level 2.5 Fighting
 - Level 3.2 Short Blades
 * Level 4.5 Dodging


You couldn't memorise any spells.
You didn't know any spells.
Your spell library was empty.

Dungeon Overview and Level Annotations

Branches:
Dungeon (6/15)
 Temple: D:4-7

Altars:

Annotations:
D:4 Grinder


Innate Abilities, Weirdness & Mutations

You are very small and have problems with some larger weapons.
You are too small for most types of armour.
You have supernaturally acute eyesight. (SInv)
You cover ground extremely quickly. (Speed+++)


Message History

Found 2 yellow potions.
The adder hisses angrily.
You see here a +0 robe.
The adder attacks as it pursues you! The adder bites you but does no damage.
An orc comes into view. It is wielding a +0 whip.
The orc shouts!
You hear a shout!
An orc comes into view. It is wielding a +0 mace.
The orc shouts! 2 orcs come into view.
An orc comes into view. It is wielding a +0 hand axe.
An orc wizard comes into view. It is wielding a +0 dagger.
A bullfrog comes into view.
The bullfrog gives a loud, deep croak!
You hear an angry hiss.
The bullfrog closely misses you.
Found a glowing dagger.
The bullfrog closely misses you.
An adder comes into view.
Found 5 gold pieces.
The adder moves out of view.
Found a stone staircase leading up.
Found a stone staircase leading down.
The adder bites you.
The orc shouts!
The orc wizard shouts!
You hear a shout!
The adder closely misses you. The bullfrog attacks as it pursues you!
The bullfrog hits you but does no damage.
A centaur comes into view.
Found 8 stones.
The centaur shouts!
The centaur wields a +0 shortbow.
The centaur shoots an arrow.
The arrow misses you.
An orc comes into view. It is wielding a +0 short sword.
The bullfrog attacks as it pursues you! The bullfrog closely misses you.
The orc shouts!
The centaur shoots an arrow.
The arrow barely misses you.
The arrow hits the orc wizard.
The centaur shoots an arrow.
The arrow hits you.
There is a stone staircase leading up, spattered with blood here.
The centaur shoots an arrow.
The arrow barely misses you.
The arrow hits the orc wizard!
The bullfrog closely misses you.
The orc wizard points at you and mumbles some strange words.
The magic dart hits you.
You die...

#...o..o.......#...#
##.#...S......#....##
#.#########..#......
#o# #S....#
#.#########.....#
oo...........####
oo..........#####
...o..SoF.$....(
####..o@.#####..
##..#.# #>...#
......c .........
#.......... #.....
..### #.#... ..#


You could see a bullfrog, a centaur, an orc wizard, 2 adders and 2 orcs.

Vanquished Creatures
  A giant cockroach (D:1)
  A hobgoblin (D:3)
  A quokka (D:3)
  A kobold (D:3)
4 creatures vanquished.

Notes
Turn   | Place    | Note
-------+----------+-------------------------------------------
     0 | D:1      | Bravepunisher the Spriggan Monk began the quest for the
                  | Orb.
     0 | D:1      | Reached XP level 1. HP: 11/11 MP: 2/2
   191 | D:4      | Noticed Grinder
   205 | D:5      | Entered Level 5 of the Dungeon
   210 | D:5      | Noticed a jelly
   225 | D:5      | Noticed a hound
   225 | D:5      | Noticed a hound
   225 | D:5      | Noticed a scorpion
   300 | D:6      | Noticed an orc wizard
   303 | D:6      | Noticed a bullfrog
   313 | D:6      | Noticed a centaur
   316 | D:6      | Killed from afar by an orc wizard

Illustrated notes

Levels and vault maps discovered:
D:1:      beargit_arrival_diablo_church, layout_loops_ring
D:2:      cheibrodos_helix_gallery, layout_rooms, kennysheep_generic_room_5
D:3:      layout_loops_ring, wad_floor_pattern_2, uniq_crazy_yiuf_cottage
D:4:      layout_basic, serial_forest, infiniplex_forest_clump_tiny,
          infiniplex_forest_clump_large, infiniplex_forest_straight_4,
          infiniplex_forest_lined_3_way, infiniplex_forest_lined_2,
          infiniplex_forest_straight_5, infiniplex_forest_end_1, uniq_grinder
D:5:      layout_loops_corners, minmay_temple_entry_fiery
D:6:      layout_rooms, hellmonk_no_cap, uniq_prince_ribbit1, uniq_edmund

Action                     || total
---------------------------++-------
  Melee: Short sword       ||    17
 Armour: Robe              ||    13
  Dodge: Dodged            ||    23

Table legend: (Time is in decaauts)
 A = Elapsed time spent in this place.
 B = Non-inter-level travel time spent in this place.
 C = Inter-level travel time spent in this place.
 D = Time resting spent in this place.
 E = Time spent auto-exploring this place.
 F = Levels seen in this place.
 G = Mean time per level.
                   A        B        C        D        E       F      G
               +--------+--------+--------+--------+--------+-----+--------+
         Total |    223 |    223 |      0 |     35 |     78 |   6 |   37.2 |
       Dungeon |    223 |    223 |      0 |     35 |     78 |   6 |   37.2 |
               +--------+--------+--------+--------+--------+-----+--------+

Top non-repeatable levels by time:
     D:1: 74 daAuts
     D:6: 59 daAuts
     D:3: 44 daAuts
     D:5: 23 daAuts
     D:4: 13 daAuts
     D:2: 8 daAuts
